details: 'gook gets a low roll'

« prev index next »

General information

Mini Map

Players

team 1
OrcFah (orange | 138 APM | 126 actions | 00:54)

» actions
Assign group hotkey27
Build / train3
Enter build submenu2
Right click40
Select / deselect14
Select group hotkey38
Use ability2
126 total
» units
Peon3
3 total
» buildings
Orc Burrow1
Altar of Storms1
2 total
» build order
00:03 Orc Burrow
00:05 Altar of Storms
Random» Jo.s (blue | 0 APM | 0 actions | 00:44)
NightElfJUVENTUS.FC (pink | 22 APM | 16 actions | 00:43)

» actions
Build / train6
Right click6
Select / deselect4
16 total
» units
Wisp6
6 total
team 2
Undead666haloman117 (yellow | 31 APM | 29 actions | 00:55)

» actions
Build / train2
Enter build submenu4
Right click12
Select / deselect8
Use ability3
29 total
» units
Acolyte2
2 total
» buildings
Crypt2
Ziggurat1
3 total
» build order
00:11 Crypt
00:13 Ziggurat
00:46 Crypt
Undeadflat-L-eyedasia (green | 61 APM | 56 actions | 00:55)

» actions
Assign group hotkey27
Build / train3
Enter build submenu3
Right click8
Select / deselect11
Use ability4
56 total
» units
Acolyte3
3 total
» buildings
Crypt2
Ziggurat1
3 total
» build order
00:06 Crypt
00:09 Ziggurat
00:38 Crypt
UndeadG_O_O_K_B_O_Y (red | 26 APM | 24 actions | 00:55)

» actions
Build / train2
Enter build submenu3
Right click7
Select / deselect9
Use ability3
24 total
» units
Acolyte2
2 total
» buildings
Crypt2
Ziggurat1
3 total
» build order
00:06 Crypt
00:09 Ziggurat
00:36 Crypt

Chat log

(00:05 / All) Jo.s: 다이스 ㄱㄱ
(00:10 / All) Fah: 패작이시면 나가주시지
(00:12 / All) G_O_O_K_B_O_Y:
(00:13 / All) flat-L-eyedasia:
(00:15 / All) 666haloman117:
(00:17 / All) Jo.s: 저희 1번
(00:19 / Allies) G_O_O_K_B_O_Y: they probably just said
(00:20 / All) Jo.s: 8
(00:22 / All) JUVENTUS.FC: 카오스원: 10 !!! (1~100) [Ъ11.07.23 13:26:41]
(00:22 / Allies) G_O_O_K_B_O_Y: "leave were matchign our bots"
(00:25 / All) Jo.s: 컥
(00:27 / Allies) G_O_O_K_B_O_Y: LOL
(00:28 / All) Jo.s: 님들
(00:29 / Allies) G_O_O_K_B_O_Y: theyre rolling
(00:30 / Allies) G_O_O_K_B_O_Y: for sometone to leave
(00:31 / All) Jo.s: 돌리셈
(00:32 / All) G_O_O_K_B_O_Y:
(00:49 / Allies) 666haloman117: gross
(00:51 / Allies) flat-L-eyedasia: tie last one out